 Dungeon Crawl Stone Soup version 0.27-a0-1071-ga85bd9520d (webtiles) character file.

Game seed: 10426568629284921178

23 sanka the Magician (level 3, -3/29 HPs)
             Began as a Djinni Wanderer on Apr 24, 2021.
             Was a Follower of Okawaru.
             Slain by Terence
             ... wielding a +0 short sword
              (4 damage)
             ... on level 2 of the Dungeon.
             The game lasted 00:01:43 (1475 turns).

sanka the Magician (Djinni Wanderer)                Turns: 1475, Time: 00:01:43

Health: -3/29      AC:  4    Str: 13    XL:     3   Next: 0%
Gold:   83         EV: 13    Int: 11    God:    Okawaru [*.....] SH:  0 Dex: 13

rFire    + + .     SeeInvis .   a - +2 dagger
rCold    x . .     Faith    .   (no shield)
rNeg     . . .     Spirit   .   e - +0 robe
rPois    ∞         Reflect  .   f - +0 helmet
rElec    .         Harm     .   i - +0 cloak
rCorr    .         Rampage  .   (no gloves)
Will     .....                  (boots unavailable)
Stlth    +++.......             (no amulet)
HPRegen  0.09/turn              (no ring)
MPRegen  0.00/turn              (no ring)

@: heroic, flying
A: fire resistance 2, cold vulnerability 1, float, innate caster, hp casting,
extra vitality 1
a: Renounce Religion, Heroism


You were on level 2 of the Dungeon.
You worshipped Okawaru.
Okawaru was aware of your devotion.
You visited 1 branch of the dungeon, and saw 2 of its levels.

You collected 83 gold pieces.


Innate Abilities, Weirdness & Mutations

You are immune to poison.
Your flesh is very heat resistant. (rF++)
You are vulnerable to cold. (rC-)
You float through the air rather than walking.
You learn spells naturally, not from books.
Your magical power is your life essence.
You have superior vitality. (+4 HP)


   Skills:
 + Level 2.5(7.5) Fighting
 - Level 1.5(6.5) Throwing
 - Level 7.2 Spellcasting
 + Level 0.0 Invocations


You had 11 spell levels left.
You knew the following spells:

 Your Spells              Type           Power      Damage    Failure   Level
e - Apportation           Tloc           40%        N/A       1%          1
y - Pain                  Necr           80%        1d8       1%          1
z - Portal Projectile     Hex/Tloc       40%        N/A       2%          3
Your spell library was empty.

Inventory:

Hand Weapons
 a - a +2 dagger (weapon)
Missiles
 b - 3 curare-tipped darts (quivered) {=f}
Armour
 e - a +0 robe (worn)
 f - a +0 helmet (worn)
 i - a +0 cloak (worn)
Scrolls
 d - a scroll of teleportation {@r4}
 j - a scroll of enchant weapon {unknown}
Potions
 c - 5 potions of curing {unknown}
 g - a potion of lignification {unknown}
 h - a potion of cancellation {unknown}
 k - 2 potions of attraction {unknown}

Dungeon Overview and Level Annotations

Branches:
Dungeon (2/15)

Altars:
Okawaru

Annotations:
D:2 Terence

▒.. ▒.▒ ...
▒▒▒▒▒▒▒▒▒.▒
....<..<▒(▒
▒▒▒▒▒▒▒.▒.▒▒▒▒▒
............£.▒
.▒▒▒▒▒▒.▒.▒▒▒.▒
▒.▒.▒ ▒R▒ ▒.▒.▒
▒@▒ ▒.▒.▒ ▒.▒
▒.▒.▒ ▒.▒ ▒.▒.▒
▒.▒ ▒.▒.▒ ▒.▒
▒.▒ ▒.▒


You could see Terence.


Message History

Unknown command.
You hit Terence.
Terence is heavily wounded.
Terence barely misses you.
Unknown command.
You hit Terence but do no damage.
Terence is heavily wounded.
Terence hits you with a +0 short sword.
* * * LOW HITPOINT WARNING * * *
Use which ability? (? or * to list)
You gain the combat prowess of a mighty hero.
Terence closely misses you.
You hit Terence.
Terence is heavily wounded.
Terence barely misses you.
Unknown command.
You hit Terence but do no damage.
Terence is heavily wounded.
Terence hits you with a +0 short sword.
* * * LOW HITPOINT WARNING * * *
Unknown command.
You closely miss Terence.
Terence is heavily wounded.
Terence hits you with a +0 short sword.
* * * LOW HITPOINT WARNING * * *
Unknown command.
You hit Terence but do no damage.
Terence is heavily wounded.
Terence hits you with a +0 short sword.
You die...

Action                   || total
-------------------------++-------
Melee: Dagger            ||    91
Invok: Heroism           ||     2
 Stab: Sleeping          ||     1
Armor: Robe              ||    27
Dodge: Dodged            ||    64

Levels and vault maps discovered:
D:1:      co_arrival_square_in_a_square_in_a_square, layout_basic,
          shapermc_ecumenical_altar_starsandcircs, serial_bayou_pond_e,
          minmay_pentomino_z4
D:2:      layout_basic, serial_rivers, chequers_serial_rivers_micro_d,
          chequers_serial_rivers_room_b, chequers_serial_rivers_small_3,
          chequers_serial_rivers_room_a, chequers_serial_rivers_small_a,
          chequers_serial_rivers_small_3, hangedman_glass_teeth, uniq_jessica,
          uniq_terence, uniq_robin

Notes
Turn   | Place    | Note
-------+----------+-------------------------------------------
     0 | D:1      | sanka the Djinni Wanderer began the quest for the Orb.
     0 | D:1      | Reached XP level 1. HP: 15/15 MP: 0/0
   106 | D:1      | Found a faded altar of an unknown god.
   209 | D:1      | Reached skill level 1 in Fighting
   584 | D:1      | Reached XP level 2. HP: 16/22 MP: 0/0
   775 | D:1      | Reached skill level 2 in Fighting
  1323 | D:2      | Reached XP level 3. HP: 29/29 MP: 0/0
  1323 | D:2      | Learned a level 1 spell: Pain
  1410 | D:1      | Became a worshipper of Warmaster Okawaru
  1410 | D:1      | Reached * piety under Okawaru
  1450 | D:2      | Noticed Terence
  1474 | D:2      | HP: 1/29 [Terence/+0 short sword (5)]
  1475 | D:2      | Slain by Terence

Vanquished Creatures
  4 bats (D:1)
  An endoplasm (D:1)
  2 giant cockroaches (D:1)
  A goblin (D:1)
  3 hobgoblins (D:1)
  2 jackals (D:1)
  A kobold (D:1)
  4 ball pythons (D:1)
  2 frilled lizards
  A rat (D:1)
21 creatures vanquished.
